[Event "*** Titled Tuesday Blitz"]
[Site "Chess.com"]
[Date "2020.02.04"]
[Round "1"]
[White "TristanCalistri"]
[Black "Vugar_Manafov"]
[Result "1-0"]
[WhiteElo "2257"]
[BlackElo "2570"]
[TimeControl "180+2"]
[EndTime "13:07:23 PST"]
[Termination "TristanCalistri won by resignation"]

1. e4 Nf6 2. e5 Nd5 3. Nc3 Nxc3 4. bxc3 d5 5. d4 c5 6. Be2 Nc6 7. Nf3 Bg4 8. Rb1 Qc7 9. e6 Bxe6 10. Ng5 Bf5 11.
Bg4 Bxg4 12. Qxg4 e6 13. Bf4 Bd6 14. Bxd6 Qxd6 15. Rxb7 Nd8 16. Rb5 cxd4 17. cxd4 h6 18. Nf3 O-O 19. O-O Nc6 20. Rfb1 Rab8 21. g3 a6 22. Rb6 Qc7 23. R6b3 Na5 24. Rxb8 Rxb8 25. Rxb8+ Qxb8 26. Ne5 Qb1+ 27. Kg2 Qxc2 28. Nd7 Nc4 29. Qf4 Qb1 30. Qc7 Qe4+ 31. Kg1 Qe1+ 32. Kg2 Qe4+ 33.
Kg1 Kh7 34. Nf8+ Kg8 35. Qd8 Qb1+ 36. Kg2 Qe4+ 37. Kg1 g5 38. Nd7+ Kg7 39. Qf8+ Kg6 40. Qg8+ Kf5 41. Qxf7+ Kg4 42. Nf6+ 1-0

[Event "*** Titled Tuesday Blitz"]
[Site "Chess.com"]
[Date "2020.02.04"]
[Round "1"]
[White "riconaipe"]
[Black "kinga2008"]
[Result "1-0"]
[WhiteElo "2523"]
[BlackElo "1970"]
[TimeControl "180+2"]
[EndTime "13:07:24 PST"]
[Termination "riconaipe won by resignation"]

1. d4 Nf6 2. c4 g6 3. Nc3 Bg7 4. e4 d6 5. Nf3 O-O 6. Be2 e5 7. O-O Nc6 8. d5 Ne7 9. Bg5 Nd7 10. Ne1 f5 11. Nd3 h6 12. Bxe7 Qxe7 13. f4 fxe4 14.
Nxe4 exf4 15. Nc3 Qe3+ 16. Kh1 Ne5 17. Nb5 Nxd3 18. Qxd3 Bf5 19. Qxe3 fxe3 20. Nxc7 Rac8 21. Ne6 Bxe6 22. dxe6 Bxb2 23. Rab1 Rxf1+ 24. Bxf1 Bd4 25. Bd3 Rf8 26. Bxg6 Bf6 27. Re1 Kg7 28. Bh5 Rc8 29. g3 Rxc4 30. Rxe3 Be7 31. Rf3 Rc7 32. Rf7+ Kg8 33.
Kg2 d5 34. Rf5 Rc2+ 35. Kh3 Rc5 36. Rf7 Rc7 37. Rf5 Rc5 38. Be2 d4 39. Rf7 Rc7 40. Kg4 Kh8 41. Kh5 Kg8 42. Kg6 Bd8 43. Rxc7 Bxc7 44. e7 1-0

[Event "*** Titled Tuesday Blitz"]
[Site "Chess.com"]
[Date "2020.02.04"]
[Round "1"]
[White "Tayson_7"]
[Black "bsnsun"]
[Result "1-0"]
[WhiteElo "2659"]
[BlackElo "2324"]
[TimeControl "180+2"]
[EndTime "13:07:26 PST"]
[Termination "Tayson_7 won by resignation"]

1. e4 c5 2. Nf3 d6 3. d4 cxd4 4. Nxd4 Nf6 5. Nc3 a6 6. h3 e6 7. g4 h6 8. Bg2 g5 9. Be3 Nbd7 10. Qe2 Ne5 11. O-O-O Qc7 12. f4 gxf4 13. Bxf4 Nfd7 14. Rhf1 b5 15. Kb1 Bb7 16. Qe1 Rc8 17.
Nce2 Nc4 18. Bc1 Nde5 19. b3 Nb6 20. Nf4 Be7 21. Bb2 Nbd7 22. Qf2 Qb6 23. Nh5 Rg8 24.
Qe2 b4 25. Nf3 Ng6 26. Qd2 Qc7 27. Rfe1 a5 28. Rc1 Nc5 29. Nd4 Nd7 30. Qxh6 Bf8 31. Qd2 Be7 32. Rf1 Nh4 33. Bh1 Ne5 34. Nf6+ Bxf6 35. Rxf6 a4 36. Nb5 Qc5 37. Nxd6+ Ke7 38. Bxe5 1-0

[Event "*** Titled Tuesday Blitz"]
[Site "Chess.com"]
[Date "2020.02.04"]
[Round "1"]
[White "Zkid"]
[Black "Misha_Bilous"]
[Result "1-0"]
[WhiteElo "2829"]
[BlackElo "2450"]
[TimeControl "180+2"]
[EndTime "13:07:28 PST"]
[Termination "Zkid won by checkmate"]

1. e4 c5 2. Nf3 d6 3. d4 cxd4 4. Nxd4 Nf6 5. f3 e5 6. Nb3 d5 7. Bg5 d4 8. c3 Nc6 9. Bb5 h6 10. Bxf6 Qxf6 11. cxd4 exd4 12. Qxd4 Qg5 13. Bxc6+ bxc6 14. O-O Be6 15. f4 Qb5 16. Nc3 Qb6 17. Na4 Qb4 18.
Qxb4 Bxb4 19. Nd4 Bd7 20. Rac1 c5 21. Nxc5 Bd2 22. Rcd1 Be3+ 23. Kh1 Bg4 24. Rd3 Bxd4 25. Rxd4 O-O 26. h3 Be2 27. Rf2 Bb5 28. Rfd2 Rac8 29. b4 Rfe8 30. g4 Bc6 31. a4 g6 32. Kg1 f5 33. e5 Kf7 34. Rd6 fxg4 35. Rf6+ Kg7 36. Rdd6 Bf3 37. Rxg6+ Kf7 38. Rdf6+ Ke7 39. Rg7+ Kd8 40.
Rd6# 1-0

[Event "*** Titled Tuesday Blitz"]
[Site "Chess.com"]
[Date "2020.02.04"]
[Round "1"]
[White "djano"]
[Black "Blitzstream"]
[Result "0-1"]
[WhiteElo "2394"]
[BlackElo "2728"]
[TimeControl "180+2"]
[EndTime "13:07:28 PST"]
[Termination "Blitzstream won by resignation"]

1. d4 d5 2. Nf3 c6 3. g3 Nf6 4.
Bg2 Bf5 5. O-O e6 6. c4 Nbd7 7. Nc3 Be7 8. Nd2 O-O 9. e4 dxe4 10. Ndxe4 Nxe4 11. Nxe4 Nf6 12. Nc3 Qb6 13. Na4 Qa6 14. Qb3 Rad8 15. Be3 Ng4 16. Rad1 Nxe3 17. fxe3 Bg6 18.
Rf2 Rd7 19. Rfd2 Rfd8 20. h4 h5 21. Kh2 Qa5 22. Nc3 Qc7 23. Ne2 Bxh4 24. Nf4 Bg5 25. Nxg6 fxg6 26. d5 h4 27. e4 Qxg3+ 28. Qxg3 hxg3+ 29. Kh3 Bxd2 30. Rxd2 exd5 31. exd5 Rd6 32. Kxg3 Kf7 33.
Rf2+ Rf6 34. Rd2 g5 35. a4 Rf4 36. b3 b6 37. dxc6 Rxd2 38. c7 Rd3+ 39. Bf3 Rfxf3+ 40. Kg4 Kg6 0-1

[Event "*** Titled Tuesday Blitz"]
[Site "Chess.com"]
[Date "2020.02.04"]
[Round "1"]
[White "Semajkcalbk"]
[Black "Dynamikus"]
[Result "0-1"]
[WhiteElo "2417"]
[BlackElo "2775"]
[TimeControl "180+2"]
[EndTime "13:07:29 PST"]
[Termination "Dynamikus won by resignation"]

1. g3 d5 2. Nf3 c5 3. Bg2 Nf6 4.
b3 Nc6 5. Bb2 e6 6. O-O Bd6 7. d3 O-O 8. Nbd2 e5 9. e4 d4 10.
Nh4 a6 11. Nf5 Bc7 12. g4 g6 13. Nh6+ Kg7 14. g5 Nh5 15. h4 f6 16. Nf3 Nf4 17. Bc1 Nxg2 18. Kxg2 f5 19. exf5 gxf5 20. Re1 Qd5 21. Qe2 Bd7 22. Kg1 Rae8 23. Nd2 e4 24.
dxe4 fxe4 25. Nxe4 Ne5 26. f4 Ng6 27. Bd2 Bc6 28.
f5 Nxh4 29. f6+ Kh8 30. Qg4 Rxe4 31. Rxe4 Qxe4 32. Nf7+ Rxf7 33. Qc8+ Qe8 0-1

[Event "*** Titled Tuesday Blitz"]
[Site "Chess.com"]
[Date "2020.02.04"]
[Round "1"]
[White "icychess54"]
[Black "vellottiwizard"]
[Result "0-1"]
[WhiteElo "2402"]
[BlackElo "2746"]
[TimeControl "180+2"]
[EndTime "13:07:31 PST"]
[Termination "vellottiwizard won by resignation"]

1. c4 e5 2. Nc3 Nc6 3. Nf3 g6 4. e3 f5 5. Be2 Bg7 6. O-O Nf6 7.
b3 O-O 8. Bb2 d6 9. d4 e4 10.
Nd2 Ne7 11. b4 c6 12. a4 Be6 13. b5 Qd7 14. Ba3 Rf7 15. a5 a6 16. bxa6 Rxa6 17. d5 cxd5 18. cxd5 Nfxd5 19. Nxd5 Nxd5 20. Bxa6 Bxa1 21. Bc4 Be5 22. Nxe4 Nxe3 23. Bxe6 Qxe6 24. fxe3 fxe4 25. Rxf7 Kxf7 26. Qc2 Qd5 27. Qc7+ Kf6 28. Qd8+ Kf5 29. Qd7+ Kg5 30. h4+ Kh6 31. Qd8 Qd1+ 32. Kf2 Qg4 33.
Qf8+ Kh5 34. Bxd6 Qg3+ 35. Ke2 Bxd6 36. Qf7 Qxg2+ 37. Kd1 Qf3+ 38. Qxf3+ exf3 39. a6 bxa6 0-1

[Event "*** Titled Tuesday Blitz"]
[Site "Chess.com"]
[Date "2020.02.04"]
[Round "1"]
[White "SARGISMV"]
[Black "CaptainCasanova"]
[Result "0-1"]
[WhiteElo "2379"]
[BlackElo "2711"]
[TimeControl "180+2"]
[EndTime "13:07:31 PST"]
[Termination "CaptainCasanova won by checkmate"]

1. d4 Nf6 2. Nf3 g6 3. c4 Bg7 4. Nc3 O-O 5. e4 d6 6. Be2 e5 7. O-O Nc6 8. d5 Ne7 9. Ne1 Nd7 10. Nd3 f5 11. Bd2 Nf6 12. f3 f4 13. c5 g5 14. cxd6 cxd6 15. Nf2 h5 16. h3 Ng6 17. Qc2 Bd7 18. Rfc1 Qb6 19. Na4 Qd4 20. Bc3 Qxa4 21. b3 Qa3 22. Nd3 Rac8 23. Qd2 Rxc3 24. Qxc3 g4 25. hxg4 hxg4 26. Qc7 gxf3 27. gxf3 Rf7 28. Qxb7 Qa5 29. Qb8+ Rf8 30. Qxd6 Qd2 31. Re1 Qe3+ 32. Kh2 Nh4 33. Qc5 Nxf3+ 34. Bxf3 Qxf3 35. Nxe5 Ng4+ 36. Nxg4 Bxg4 37. Kg1 Qg3+ 38. Kf1 f3 39. Qf2 Bh3+ 40. Qg2 Qxg2# 0-1

[Event "*** Titled Tuesday Blitz"]
[Site "Chess.com"]
[Date "2020.02.04"]
[Round "1"]
[White "severomorskij"]
[Black "cukus"]
[Result "0-1"]
[WhiteElo "2801"]
[BlackElo "2470"]
[TimeControl "180+2"]
[EndTime "13:07:33 PST"]
[Termination "cukus won by resignation"]

1. d4 Nf6 2. c4 g6 3. Nc3 d5 4.
Bg5 Ne4 5. Bh4 Nxc3 6. bxc3 dxc4 7. e3 Be6 8. Qb1 Nd7 9. Qxb7 Bg7 10. Nf3 O-O 11. Qc6 Rb8 12. Be2 h6 13. O-O Rb6 14.
Qa4 g5 15. Bg3 Rb2 16. Rfe1 c5 17. Qxa7 cxd4 18. Nxd4 Bd5 19. Rad1 e6 20. Qa3 Qb6 21. Bf1 Ra8 22. Qe7 Qb7 23. e4 Bf8 24. Qxd7 Qxd7 25. exd5 exd5 26. h3 Raxa2 27. Be2 f5 28. Be5 Bc5 29.
f4 Bxd4+ 30. Bxd4 Rxe2 31. Rxe2 Rxe2 32. Ra1 Re8 33. Ra7 Qe6 34. Rg7+ Kf8 35. fxg5 f4 36. g6 Qe1+ 0-1

[Event "*** Titled Tuesday Blitz"]
[Site "Chess.com"]
[Date "2020.02.04"]
[Round "1"]
[White "Joshukid"]
[Black "kasparicy"]
[Result "1-0"]
[WhiteElo "2603"]
[BlackElo "2252"]
[TimeControl "180+2"]
[EndTime "13:07:35 PST"]
[Termination "Joshukid won by resignation"]

1. Nf3 Nf6 2. c4 g6 3. d4 Bg7 4. g3 O-O 5. Bg2 d5 6. Nc3 c6 7. Qb3 Qb6 8. O-O dxc4 9. Qxc4 Be6 10. Qa4 Qa6 11. Qc2 Nbd7 12. e4 Bc4 13. Rd1 Qb6 14. Na4 Qb4 15. b3 Ba6 16. Bd2 Qb5 17. e5 Ne8 18.
Be3 Nc7 19. Bf1 Qd5 20. Bg2 Qa5 21. Bd2 Qb5 22. Be3 Nd5 23. Bg5 Rfe8 24. Bd2 Qd3 25. Qc1 Qf5 26. Ng5 h6 27. Bh3 Qd3 28. Bf1 Qf5 29.
Bh3 Qd3 30. Bxd7 h5 1-0

[Event "*** Titled Tuesday Blitz"]
[Site "Chess.com"]
[Date "2020.02.04"]
[Round "1"]
[White "WelshTiger"]
[Black "MarcoRiehle"]
[Result "0-1"]
[WhiteElo "2326"]
[BlackElo "2647"]
[TimeControl "180+2"]
[EndTime "13:07:38 PST"]
[Termination "MarcoRiehle won by resignation"]

1. e4 e5 2. Nf3 Nf6 3. Nc3 Nc6 4. d4 exd4 5. Nxd4 Bb4 6. Nxc6 bxc6 7. Bd3 d5 8. exd5 O-O 9. O-O cxd5 10. h3 c6 11. Qf3 Re8 12. Bf4 Bd6 13. Rfe1 Re6 14. Ne2 c5 15. c4 Bb7 16. Bxd6 Qxd6 17. Nf4 Rxe1+ 18. Rxe1 Rb8 19. cxd5 Nxd5 20. Nxd5 Bxd5 21. Qh5 g6 22. Qe5 Qxe5 23. Rxe5 Rd8 24. Bf1 Bxa2 25. Rxc5 Rd1 26. f3 Rb1 27. Rc7 a5 28. Rc2 Bb3 29. Rd2 Bc4 30. Rf2 a4 31. g3 Kg7 32. Kg2 Bxf1+ 33. Rxf1 Rxb2+ 34. Kg1 a3 0-1

[Event "*** Titled Tuesday Blitz"]
[Site "Chess.com"]
[Date "2020.02.04"]
[Round "1"]
[White "StoreySniper"]
[Black "mbojan"]
[Result "0-1"]
[WhiteElo "2413"]
[BlackElo "2759"]
[TimeControl "180+2"]
[EndTime "13:07:43 PST"]
[Termination "mbojan won by resignation"]

1. d4 Nf6 2. Bf4 g6 3. Nd2 Bg7 4. e3 O-O 5. Be2 c5 6. c3 b6 7. Bf3 d5 8. h4 h5 9. Nh3 Nc6 10. Ng5 Bg4 11. Bxg4 Nxg4 12. f3 Nh6 13. Qa4 e5 14. dxe5 Nxe5 15. Bxe5 Bxe5 16. O-O-O Nf5 17. Nf1 d4 18. cxd4 cxd4 19. e4 Nxh4 20. Nh3 Nxg2 21. Kb1 Qf6 22. Nd2 Nf4 23. Nc4 Rac8 24. Nxe5 Qxe5 25. Qxd4 Qxd4 26. Rxd4 Nxh3 27. Rxh3 Rfd8 28. Rxd8+ Rxd8 29. Kc2 Kg7 30. f4 Rd4 31. Re3 f5 32. exf5 gxf5 33. Re7+ Kf6 34. Rxa7 Rxf4 35. Rb7 h4 36.
Rxb6+ Kg5 37. Rb8 h3 38. Rg8+ Kh4 39. Rh8+ Kg3 40. Rg8+ Rg4 41. Rd8 h2 42. Rd1 f4 43.
b4 Kg2 44. Rd2+ Kh3 0-1

[Event "*** Titled Tuesday Blitz"]
[Site "Chess.com"]
[Date "2020.02.04"]
[Round "1"]
[White "vlad_Sid"]
[Black "reigningmvp"]
[Result "1-0"]
[WhiteElo "2726"]
[BlackElo "2385"]
[TimeControl "180+2"]
[EndTime "13:07:43 PST"]
[Termination "vlad_Sid won by checkmate"]

1. c4 e5 2. g3 Nc6 3. Bg2 Bc5 4. Nc3 a6 5. e3 d6 6. Nge2 Ba7 7. a3 Be6 8. b3 Qd7 9. h3 Bf5 10. d4 h6 11. Bb2 Nge7 12. Rc1 O-O 13. d5 Nd8 14. e4 Bh7 15. g4 Ng6 16. Ng3 Nh4 17. Bf3 g6 18. Rg1 Kh8 19. Bh1 f5 20. gxf5 gxf5 21.
Qh5 fxe4 22. Ncxe4 Nf5 23. Nxf5 Qxf5 24. Qxh6 Bxf2+ 25. Ke2 Bxg1 26. Rxg1 Rg8 27. Rf1 Qg6 28.
Qh4 Nf7 29. Rf6 Qg7 30. Bc1 Raf8 31. Rf2 Nd8 32. Bh6 Rxf2+ 33. Nxf2 Qg6 34. Be4 Qf7 35. Bg5 Qd7 36. Bf6+ Rg7 37. Qxh7# 1-0

[Event "*** Titled Tuesday Blitz"]
[Site "Chess.com"]
[Date "2020.02.04"]
[Round "1"]
[White "Gordima"]
[Black "vanyakuba"]
[Result "1-0"]
[WhiteElo "2805"]
[BlackElo "2425"]
[TimeControl "180+2"]
[EndTime "13:07:45 PST"]
[Termination "Gordima won on time"]

1. d4 d5 2. c4 e6 3. Nc3 c5 4. cxd5 cxd4 5. Qa4+ Bd7 6. Qxd4 exd5 7. Qxd5 Nc6 8. Nf3 Nf6 9. Qb3 Bc5 10. e3 Qe7 11. Be2 O-O-O 12. O-O g5 13. Rd1 Be6 14. Qa4 Rxd1+ 15. Nxd1 g4 16. Nd4 Bd7 17. Qc2 Kb8 18.
Nxc6+ Bxc6 19. Nc3 Rd8 20. Bd2 Ne4 21. Be1 g3 22. hxg3 Nxg3 23. Bd3 Qh4 24. fxg3 Bxe3+ 25. Bf2 Qxg3 26. Be4 Rd2 27. Qxd2 Bxd2 28. Bxg3+ 1-0

[Event "*** Titled Tuesday Blitz"]
[Site "Chess.com"]
[Date "2020.02.04"]
[Round "1"]
[White "victormago"]
[Black "alishersuleymenov"]
[Result "0-1"]
[WhiteElo "2423"]
[BlackElo "2795"]
[TimeControl "180+2"]
[EndTime "13:07:46 PST"]
[Termination "alishersuleymenov won by resignation"]

1. d4 Nf6 2. c4 g6 3. Nc3 Bg7 4. e4 O-O 5. Be2 d6 6. Bg5 Na6 7. Qd2 c5 8. d5 e6 9. f3 exd5 10. cxd5 Nc7 11. a4 a6 12. g4 Rb8 13. h4 b5 14. axb5 axb5 15. h5 b4 16. Nd1 Nb5 17. Bxb5 Rxb5 18. hxg6 fxg6 19. Ne2 Qe8 20. O-O h5 21.
gxh5 Nxh5 22. Ne3 Bh3 23. Rf2 b3 24. Nc4 Rb4 25. Rc1 Bd7 26. Nxd6 Qe5 27. Nc4 Qb8 28.
d6 Bb5 29. Qd5+ Kh7 30. Qxc5 Rxc4 31. Rxc4 Bxc4 32. Qxc4 Bxb2 33. Qc7+ Qxc7 34. dxc7 Rc8 35. Bd8 Be5 36. f4 b2 37. Rf1 Bxc7 38. Bxc7 Rxc7 39. Rb1 Rc2 40. Kf1 Ng3+ 0-1

[Event "*** Titled Tuesday Blitz"]
[Site "Chess.com"]
[Date "2020.02.04"]
[Round "1"]
[White "HouseOfDurin"]
[Black "SerGo055"]
[Result "0-1"]
[WhiteElo "2089"]
[BlackElo "2538"]
[TimeControl "180+2"]
[EndTime "13:07:48 PST"]
[Termination "SerGo055 won by resignation"]

1. d4 Nf6 2. Bg5 e6 3. e4 h6 4. Bxf6 Qxf6 5. e5 Qd8 6. f4 b6 7. Be2 Bb7 8. Bf3 Bxf3 9. Nxf3 d5 10. O-O c5 11. c3 Be7 12. Qa4+ Qd7 13. Qxd7+ Kxd7 14. Nbd2 Nc6 15. Rac1 Rhc8 16. Nb3 a5 17. dxc5 bxc5 18.
Rfd1 a4 19. Nbd2 Rab8 20. b3 axb3 21. axb3 Na5 22. Rb1 Rc7 23. Nc4 Nxb3 24. Nfd2 Nxd2 25. Nxd2 Rcb7 26. Kf2 Kc6 27. Ke3 f6 28. Rxb7 Rxb7 29. Ra1 fxe5 30. Ra6+ Rb6 31. Ra7 exf4+ 32. Kf3 Rb7 33.
Ra6+ Kd7 34. c4 Rb2 35. Nf1 dxc4 36. Kxf4 Rf2+ 37. Ke5 Bf6+ 38. Ke4 Rxf1 39. Ra7+ Kc6 40. Ra2 c3 41. g4 Bd4 42. Kd3 Rd1+ 43. Kc4 Kd6 44.
h4 Ke5 45. g5 hxg5 46. hxg5 Kf5 47. Rg2 Rd2 48. Rh2 Rxh2 49. Kb3 c2 50. Ka4 c1=Q 51.
Kb5 Rb2+ 0-1

[Event "*** Titled Tuesday Blitz"]
[Site "Chess.com"]
[Date "2020.02.04"]
[Round "1"]
[White "jefferyx"]
[Black "messiboca"]
[Result "1-0"]
[WhiteElo "2928"]
[BlackElo "2489"]
[TimeControl "180+2"]
[EndTime "13:07:49 PST"]
[Termination "jefferyx won by resignation"]

1. d4 Nf6 2. c4 e6 3. Nc3 Bb4 4.
Nf3 b6 5. Qc2 Bb7 6. a3 Bxc3+ 7.
Qxc3 d6 8. e3 Nbd7 9. Be2 O-O 10. O-O Ne4 11. Qc2 f5 12. Ne1 Qh4 13. f3 Ng5 14. c5 bxc5 15. dxc5 Bd5 16. b4 Rf6 17. g3 Qh5 18. h4 Nf7 19. e4 fxe4 20.
fxe4 Qg6 21. Rxf6 Qxg3+ 22. Ng2 Nxf6 23. exd5 Nxd5 24. Qd3 Qe5 25. Ra2 Nh6 26. Bb2 Qf5 27.
Qxf5 Nxf5 28. cxd6 cxd6 29. Ra1 Rf8 30. Rf1 g6 31.
Bc4 Nc7 32. Rc1 d5 33. Bd3 Ne8 34. Be5 Kf7 35. Rc8 Ke7 36. Ra8 1-0

[Event "*** Titled Tuesday Blitz"]
[Site "Chess.com"]
[Date "2020.02.04"]
[Round "1"]
[White "ruvat"]
[Black "ChessLover0108"]
[Result "0-1"]
[WhiteElo "2379"]
[BlackElo "2723"]
[TimeControl "180+2"]
[EndTime "13:07:50 PST"]
[Termination "ChessLover0108 won by resignation"]

1. d4 d5 2. c4 e6 3. Nf3 Nf6 4. g3 dxc4 5. Bg2 Bb4+ 6. Bd2 a5 7. O-O O-O 8. Bg5 Nc6 9. Bxf6 Qxf6 10. a3 Bd6 11. Nc3 e5 12. d5 Na7 13. Nd2 b5 14.
a4 Bd7 15. axb5 Nxb5 16. Nce4 Qe7 17. Nxc4 Bb4 18. Qc2 Nd6 19. Ned2 Bb5 20. Rfc1 Rfb8 21. e4 h5 22. b3 h4 23. Bf1 hxg3 24. hxg3 g6 25. Bd3 Kg7 26. Kg2 Bxc4 27. Nxc4 Nb5 28. Ne3 Nd4 29. Qd1 Rh8 30. Rab1 Rh7 31. Qg4 Rah8 32. Nf5+ Kf8 33. Nxd4 exd4 34. Qf4 Rh2+ 35. Kf3 Bd6 36. Qg4 Qf6+ 37. Ke2 Qxf2+ 0-1

[Event "*** Titled Tuesday Blitz"]
[Site "Chess.com"]
[Date "2020.02.04"]
[Round "1"]
[White "SoltaniciR"]
[Black "hansen"]
[Result "1-0"]
[WhiteElo "2494"]
[BlackElo "2885"]
[TimeControl "180+2"]
[EndTime "13:07:58 PST"]
[Termination "SoltaniciR won by resignation"]

1. e4 c5 2. Nf3 e6 3. d4 cxd4 4. Nxd4 a6 5. Nc3 Qc7 6. Bd3 Nf6 7. f4 d6 8. Qf3 Nbd7 9. g4 Nc5 10. Be3 b5 11. a3 Bb7 12. g5 Nfd7 13. O-O-O Rc8 14. Kb1 Be7 15. h4 Nb6 16. h5 Nca4 17. Nxa4 Nxa4 18.
g6 Bf6 19. gxf7+ Kxf7 20. Qg4 Rhe8 21. e5 dxe5 22. fxe5 Qxe5 23. Rhe1 Nxb2 24. Kxb2 Qc5 25. Rf1 Bd5 26. h6 Ke7 27. Rxf6 gxf6 28. Qg7+ Kd8 29. Nxe6+ Rxe6 30. Bxc5 Rxc5 31. Bxh7 Rc7 32. Rxd5+ 1-0

[Event "*** Titled Tuesday Blitz"]
[Site "Chess.com"]
[Date "2020.02.04"]
[Round "1"]
[White "Valk4"]
[Black "AliKa2810"]
[Result "0-1"]
[WhiteElo "2270"]
[BlackElo "2623"]
[TimeControl "180+2"]
[EndTime "13:08:00 PST"]
[Termination "AliKa2810 won by resignation"]

1. e4 c6 2. d4 d5 3. e5 Bf5 4. Nf3 e6 5. Be2 Ne7 6. O-O h6 7. Nbd2 Nd7 8. Nb3 g5 9. Ne1 Bg6 10. Nd3 Nf5 11. c3 c5 12. Nbxc5 Bxc5 13. Nxc5 Nxc5 14. dxc5 Qc7 15. b4 Qxe5 16. Bb5+ Ke7 17. Qb3 Nh4 18. Bd2 a6 19. Rae1 Be4 20. Bd3 Nxg2 21.
Re2 Nf4 22. Bxf4 Qxf4 23. Re3 h5 24. c4 Bxd3 25. Qxd3 Qxc4 26. Qd2 Rhg8 27. Rfe1 Rad8 28. Re5 Qf4 29. Qd3 h4 30. Rxd5 Qg4+ 31. Kh1 h3 32. Rg1 Rxd5 0-1

[Event "*** Titled Tuesday Blitz"]
[Site "Chess.com"]
[Date "2020.02.04"]
[Round "1"]
[White "Lovkov_Roman"]
[Black "parmupill123"]
[Result "1-0"]
[WhiteElo "2711"]
[BlackElo "2379"]
[TimeControl "180+2"]
[EndTime "13:08:01 PST"]
[Termination "Lovkov_Roman won by resignation"]

1. e4 e6 2. d4 d5 3. exd5 exd5 4. Nf3 Nf6 5. c4 Be7 6. Nc3 O-O 7. cxd5 Nxd5 8.
Bc4 c6 9. h3 Bf6 10. O-O Be6 11.
Ne4 Be7 12. Bb3 Nd7 13. Re1 h6 14. Ne5 Nc7 15. Qf3 Bxb3 16. Qxb3 Nb6 17. Nc5 Rb8 18. Nxb7 Qe8 19. Na5 Nbd5 20. Qf3 Nb4 21. Nexc6 Ne6 22. Re2 Rb5 23. a3 Nxd4 24. Nxd4 Rxa5 25. Bd2 Qd7 26. Bc3 Bc5 27. Rd1 Bxd4 28. Rxd4 Rd5 29. Rxb4 Rd1+ 30.
Kh2 Qc7+ 31. Qg3 1-0

[Event "*** Titled Tuesday Blitz"]
[Site "Chess.com"]
[Date "2020.02.04"]
[Round "1"]
[White "vovachesss"]
[Black "Schachmalanders"]
[Result "0-1"]
[WhiteElo "2561"]
[BlackElo "2261"]
[TimeControl "180+2"]
[EndTime "13:08:03 PST"]
[Termination "Schachmalanders won by checkmate"]

1. d4 d5 2. c4 e6 3. Nc3 c6 4. Nf3 dxc4 5. a4 Bb4 6. e3 b5 7. Bd2 a5 8. Be2 Bb7 9. O-O Bxc3 10. bxc3 Nf6 11. Ne5 Nbd7 12. f4 O-O 13. Bf3 Nd5 14.
Qc2 Nxe5 15. fxe5 Qd7 16. Be4 g6 17. Rf3 Nb6 18. Raf1 Nxa4 19. Rh3 c5 20. Bc1 Bxe4 21. Qxe4 Nxc3 22. Qh4 f5 23. exf6 cxd4 24. exd4 Ne2+ 25.
Kh1 Nxc1 26. Rxc1 Rf7 27. Qg5 Qd5 28. Qg4 Rxf6 29. Qh4 Rf7 30. Re3 Raf8 31. Ree1 Rf2 32. Qg3 b4 33. h3 b3 34. Re5 Qxd4 35. Kh2 Rc2 36. Rce1 b2 37. Rxe6 Qf4 38. Qxf4 Rxf4 39. Re8+ Rf8 40. R8e7 Rc1 41. R1e6 b1=Q 42. Rd6 Rh1+ 43.
Kg3 Qb3+ 44. Kh4 Rf4+ 45. Kg5 Qg3+ 46. Kh6 Rh4# 0-1

[Event "*** Titled Tuesday Blitz"]
[Site "Chess.com"]
[Date "2020.02.04"]
[Round "1"]
[White "FearNoEvil12"]
[Black "WPWPWP-2015"]
[Result "0-1"]
[WhiteElo "2013"]
[BlackElo "2527"]
[TimeControl "180+2"]
[EndTime "13:08:05 PST"]
[Termination "WPWPWP-2015 won by resignation"]

1. e4 c5 2. Nc3 e6 3. f4 Nc6 4. Nf3 Nge7 5. d4 cxd4 6. Nxd4 Nxd4 7. Qxd4 Nc6 8. Qf2 b6 9. Bd3 Bc5 10. Be3 Qe7 11. O-O-O O-O 12. e5 Bb7 13. Ne4 Bxe3+ 14.
Qxe3 Nb4 15. Nf6+ gxf6 16. Qg3+ Kh8 17. Qh4 Nxd3+ 18. Rxd3 Be4 19. exf6 Qc5 20. Rc3 Qf5 21. Re1 Rg8 22. Rc4 Rg4 23. Qh6 d5 24. Rc7 Qxf4+ 25.
Qxf4 Rxf4 26. Rxf7 Rf2 27. Rc7 Rxf6 28. Re2 Rg8 29. g3 a5 30. Kd2 e5 31. c4 Rd8 32. c5 bxc5 33. Rxc5 Rb6 34. b3 a4 35. Kc3 axb3 36. axb3 Rdb8 37. Rb2 Rb4 38. Rc8+ Rxc8+ 39. Kxb4 d4 40. Ka5 d3 41. b4 Rc2 42. Rb1 d2 0-1

[Event "*** Titled Tuesday Blitz"]
[Site "Chess.com"]
[Date "2020.02.04"]
[Round "1"]
[White "PaulfromSPb"]
[Black "filali-marouan"]
[Result "1-0"]
[WhiteElo "2637"]
[BlackElo "2304"]
[TimeControl "180+2"]
[EndTime "13:08:10 PST"]
[Termination "PaulfromSPb won on time"]

1. e4 c6 2. Nc3 d5 3. Nf3 dxe4 4. Nxe4 Nf6 5. Nxf6+ exf6 6. d4 Bf5 7. c3 Be7 8. Be2 Nd7 9. O-O O-O 10. Nh4 Be6 11. Re1 f5 12. Nf3 Bf6 13. Bf4 Re8 14. a4 Nb6 15. a5 Nd5 16. Bd2 a6 17. c4 Ne7 18. Bc3 Ng6 19. Qd2 Rc8 20. Rad1 Qc7 21.
Bf1 Rcd8 22. Qc2 Qf4 23. Re3 Bd7 24. Rde1 Rxe3 25. Rxe3 Qd6 26. Ne5 f4 27. Re1 c5 28.
dxc5 Qc7 29. Nxd7 Bxc3 30. Qxc3 Qxd7 31. b4 h6 32. Be2 f6 33. h3 Ne5 34. Bf3 Kh8 35.
Bd5 Qf5 36. f3 Qg5 37. Kh1 Qg3 38. Rd1 h5 39. Qe1 Qg5 40. Bxb7 Rb8 41. c6 Nxc4 42. c7 Re8 43. Qxe8+ 1-0

[Event "*** Titled Tuesday Blitz"]
[Site "Chess.com"]
[Date "2020.02.04"]
[Round "1"]
[White "dragos420"]
[Black "GadimbayliA"]
[Result "0-1"]
[WhiteElo "2482"]
[BlackElo "2908"]
[TimeControl "180+2"]
[EndTime "13:08:15 PST"]
[Termination "GadimbayliA won by resignation"]

1. e3 Nf6 2. Nf3 b6 3. b3 Bb7 4. Bb2 e6 5. d4 Be7 6. Bd3 O-O 7.
O-O d6 8. c4 Ne4 9. Nc3 f5 10.
Nd2 Nxc3 11. Bxc3 Bf6 12. Rc1 Nd7 13. e4 c5 14. exf5 cxd4 15. Bb4 Nc5 16. Bxc5 dxc5 17. fxe6 Qd6 18. Re1 Rae8 19. Qg4 g6 20. h4 Bc8 21. h5 Bxe6 22. Qd1 Bg5 23. Ne4 Qf4 24. Nxg5 Qxf2+ 25. Kh1 Qh4+ 26. Kg1 Qxg5 27. hxg6 hxg6 28. Rc2 Bg4 29. Qc1 Qh4 30. Rxe8 Rxe8 31. Bf1 Kg7 32. Rf2 Rh8 0-1

[Event "*** Titled Tuesday Blitz"]
[Site "Chess.com"]
[Date "2020.02.04"]
[Round "1"]
[White "volcanoexplorer"]
[Black "semchik73"]
[Result "1-0"]
[WhiteElo "2625"]
[BlackElo "2293"]
[TimeControl "180+2"]
[EndTime "13:08:19 PST"]
[Termination "volcanoexplorer won by resignation"]

1. e4 Nf6 2. e5 Nd5 3. d4 d6 4. c4 Nb6 5. exd6 cxd6 6. Nc3 g6 7. Be3 Bg7 8. Rc1 O-O 9. g3 Nc6 10. b3 e5 11. dxe5 dxe5 12. Qxd8 Rxd8 13. Bg2 Nd4 14. Nge2 Rb8 15. O-O Bf5 16. f4 Bd3 17. Kf2 Nxe2 18. Nxe2 exf4 19. Bxf4 Re8 20. Rfe1 Rbd8 21.
Bxb7 Re7 22. Bf3 Rde8 23. Rcd1 Bc2 24. Rd2 Bf5 25. Red1 h6 26. Nd4 Bxd4+ 27. Rxd4 g5 28. Bd6 Re3 29. c5 Nc8 30. c6 Nxd6 31. Rxd6 g4 32. Bg2 Re2+ 33. Kf1 Rc2 34. Rd8 Rxd8 35. Rxd8+ Kg7 36. Bd5 Bd3+ 37. Ke1 Bf5 38. Rd7 Kh8 39. Rxf7 Bg6 40. Rxa7 Rc5 41. c7 Bf5 42. Bc4 h5 43. Kd2 h4 44. gxh4 Bd7 45. Kc3 Rh5 46. Ra8+ Kg7 47.
c8=Q Bxc8 48. Rxc8 Rxh4 49. a4 Rxh2 50. Rg8+ Kf6 51.
Rxg4 Rh3+ 52. Kb4 1-0